 Dungeon Crawl Stone Soup version 0.28-a0-991-g956f0ee3d5 (webtiles) character file.

Game seed: 6847663965212314169

268010 oldriver the Sorcerer (level 19, -3/158 HPs)
             Began as a Yellow Draconian Conjurer on Dec 4, 2021.
             Was the Champion of Vehumet.
             Slain by a spriggan berserker (37 damage)
             ... on level 1 of the Depths.
             The game lasted 02:51:59 (55197 turns).

oldriver the Sorcerer (Yellow Draconian Conjurer)  Turns: 55197, Time: 02:52:00

Health: -3/158     AC: 18    Str: 11    XL:     19   Next: 36%
Magic:  4/53       EV: 15    Int: 35    God:    Vehumet [******]
Gold:   1825       SH:  8    Dex: 18    Spells: 11/60 levels left

rFire   + . .      SeeInvis .   E - staff of conjuration
rCold   + . .      Faith    .   J - +3 buckler {rPois}
rNeg    . . .      Spirit   .   (armour unavailable)
rPois   +          Reflect  .   O - +2 hat {Stlth+}
rElec   +          Harm     .   M - +2 cloak {Will+}
rCorr   +          Rampage  .   N - +1 pair of gloves of Coig {rF+ Int+6}
Will    ++...                   p - +0 pair of boots
Stlth   +++++.....              Q - amulet of Twilight {Regen+ Dex+2}
HPRegen 1.16/turn               P - ring of Ehegit {rC+ MP+9 Dex+6 Stlth+}
MPRegen 0.33/turn               k - ring of Qema {Wiz rElec Int+2}

@: short of breath, studying Staves, invisible
A: spit acid, AC +10, unfitting armour, acidic bite, cold-blooded, acid
resistance, horns 1, clever 1
}: 2/15 runes: serpentine, barnacled
a: Breathe Acid, Renounce Religion


You were on level 1 of the Depths.
You worshipped Vehumet.
Vehumet was exalted by your worship.
You visited 7 branches of the dungeon, and saw 34 of its levels.
You also visited: Bailey, Gauntlet and Ice Cave.

You collected 4399 gold pieces.
You spent 2574 gold pieces at shops.

Inventory:

Missiles
 v - 12 throwing nets
Armour
 p - a +0 pair of boots (worn)
 J - a +3 buckler of poison resistance (worn)
 M - a +2 cloak of willpower (worn)
 N - the +1 pair of gloves of Coig (worn) {rF+ Int+6}
   (You found it on level 2 of the Snake Pit)

   Int:       It affects your intelligence (+6).
   rF:        It protects you from fire.
 O - a +2 hat of stealth (worn)
Magical Staves
 E - a staff of conjuration (weapon)
 V - a staff of fire
 X - a staff of death
Jewellery
 b - a ring of ice
 f - a ring of see invisible
 k - the ring of Qema (right hand) {Wiz rElec Int+2}
   (You bought it in a shop on level 1 of the Shoals)

   [ring of wizardry]

   It improves your spell success rate.
   Int:       It affects your intelligence (+2).
   rElec:     It insulates you from electricity.
 l - an amulet of guardian spirit
 n - a ring of protection from fire
 u - the ring of Faottacs {rElec rPois EV+4 Str+6}
   (You found it on level 6 of the Lair of Beasts)

   [ring of evasion]

   EV:        It affects your evasion (+4).
   Str:       It affects your strength (+6).
   rElec:     It insulates you from electricity.
   rPois:     It protects you from poison.
 D - a +6 ring of intelligence
 P - the ring of Ehegit (left hand) {rC+ MP+9 Dex+6 Stlth+}
   (You bought it in a shop on level 4 of the Snake Pit)

   [ring of dexterity]

   Dex:       It affects your dexterity (+6).
   rC:        It protects you from cold.
   MP:        It affects your magic capacity (+9).
   Stlth:     It makes you more stealthy.
 Q - the amulet of Twilight (around neck) {Regen+ Dex+2}
   (You acquired it on level 4 of the Snake Pit)

   [amulet of regeneration]

   Dex:       It affects your dexterity (+2).
   Regen:     It increases your rate of health regeneration.
 R - a +4 ring of protection
 T - a +6 ring of strength
 W - a +4 ring of evasion
 Y - a ring of ice
Wands
 r - a wand of iceblast (14)
 s - a wand of flame (69)
 w - a wand of paralysis (26)
 z - a wand of mindburst (26)
 A - a wand of charming (23)
 K - a wand of polymorph (8)
 S - a wand of acid (5)
 Z - a wand of digging (1)
Scrolls
 c - 8 scrolls of immolation
 d - 14 scrolls of identify
 e - a scroll of amnesia
 g - 4 scrolls of blinking
 h - 11 scrolls of teleportation
 i - 3 scrolls of enchant armour
 o - 3 scrolls of magic mapping
 x - 2 scrolls of torment
 y - 3 scrolls of enchant weapon
 B - a scroll of brand weapon
 U - 4 scrolls of fear
Potions
 a - 4 potions of mutation
 j - a potion of ambrosia
 m - 7 potions of curing
 q - 2 potions of invisibility
 C - a potion of cancellation
 F - 6 potions of berserk rage
 G - 2 potions of brilliance
 H - a potion of flight
 I - 3 potions of might
 L - a potion of haste


   Skills:
 * Level 11.4 Fighting
 - Level 0.3(0.4) Polearms
 + Level 0.3(0.4) Staves
 + Level 5.3 Dodging
 + Level 4.4 Stealth
 + Level 4.0 Shields
 * Level 21.1 Spellcasting
 * Level 20.5 Conjurations
 - Level 5.7 Hexes
 - Level 8.0 Translocations
 * Level 9.3 Fire Magic
 + Level 0.8 Air Magic
 + Level 2.3 Evocations


You had 11 spell levels left.
You knew the following spells:

 Your Spells              Type           Power      Damage    Failure   Level
a - Fireball              Conj/Fire      59%        3d23      1%          5
b - Searing Ray           Conj           100%       2d8       0%          2
c - Iskenderun's Mystic   Conj/Tloc      100%       2d19      0%          4
d - Fulminant Prism       Conj/Hex       57%        3d25      1%          4
e - Orb of Destruction    Conj           67%        9d18      1%          7
f - Iskenderun's Battles  Conj           100%       2d15      0%          5
g - Airstrike             Air            21%        N/A       1%          4
h - Magic Dart            Conj           100%       1d8       0%          1
i - Dazzling Flash        Conj/Hex       100%       N/A       0%          3
j - Yara's Violent Unrav  Hex/Tmut       27%        3d12      1%          5
k - Fire Storm            Conj/Fire      59%        8d15      17%         9

Your spell library contained the following spells:

 Spells                   Type           Power      Damage    Failure   Level
 Polar Vortex             Ice            18%        N/A       100%        9
 Shatter                  Erth           18%        3d17*     100%        9
 Conjure Flame            Conj/Fire      100%       6-21      0%          3
 Flame Wave               Conj/Fire      100%       2d14      0%          4
 Sticky Flame             Conj/Fire      100%       2d11      0%          4
 Animate Skeleton         Necr           74%        N/A       1%          1
 Apportation              Tloc           100%       N/A       1%          1
 Pain                     Necr           100%       1d9       1%          1
 Summon Small Mammal      Summ           100%       N/A       1%          1
 Call Imp                 Summ           37%        N/A       1%          2
 Corpse Rot               Necr/Air       80%        N/A       1%          2
 Passwall                 Tmut/Erth      30%        N/A       1%          2
 Poisonous Vapours        Pois/Air       80%        N/A       1%          2
 Scorch                   Fire           100%       2d10      1%          2
 Sublimation of Blood     Necr           37%        N/A       1%          2
 Wereblood                Tmut           37%        N/A       1%          2
 Call Canine Familiar     Summ           37%        N/A       1%          3
 Ignite Poison            Fire/Tmut/Pois 56%        N/A       1%          3
 Mephitic Cloud           Conj/Pois/Air  92%        N/A       1%          3
 Summon Guardian Golem    Hex/Summ       55%        N/A       1%          3
 Swiftness                Air            43%        N/A       1%          3
 Tukima's Dance           Hex            67%        N/A       1%          3
 Vampiric Draining        Necr           37%        2d8       1%          3
 Leda's Liquefaction      Hex/Erth       27%        N/A       1%          4
 Olgreb's Toxic Radiance  Pois           37%        N/A       1%          4
 Passage of Golubria      Tloc           76%        N/A       1%          4
 Freezing Cloud           Conj/Ice/Air   46%        6-21      1%          5
 Lightning Bolt           Conj/Air       53%        1d74      1%          5
 Conjure Ball Lightning   Conj/Air       53%        3x3d18    1%          6
 Summon Lightning Spire   Summ/Air       40%        N/A       2%          4
 Metabolic Englaciation   Hex/Ice        27%        N/A       2%          5
 Dispel Undead            Necr           37%        3d15      3%          4
 Ice Form                 Ice/Tmut       37%        N/A       3%          4
 Ignition                 Fire           40%        3d12      12%         8
 Death Channel            Necr           18%        N/A       43%         6
 Summon Cactus Giant      Summ           18%        N/A       43%         6
 Ozocubu's Refrigeration  Ice            18%        4d8       50%         7
 Summon Hydra             Summ           18%        N/A       92%         7
 Maxwell's Capacitive Co  Air            21%        ∞         94%         8


Dungeon Overview and Level Annotations

Branches:
Dungeon (15/15)            Temple (1/1) D:4            Lair (6/6) D:9
 Shoals (4/4) Lair:3        Snake (4/4) Lair:4        Slime (0/5) Lair:5
    Orc (2/2) D:11            Elf (0/3) Orc:2        Vaults (0/5) D:13
 Depths (2/4) D:15         Bailey (visited)           IceCv (visited)
Gauntlet (visited)

Altars:
Ashenzari
Cheibriados
Dithmenos
Elyvilon
Fedhas
Gozag
Hepliaklqana
Kikubaaqudgha
Makhleb
Nemelex Xobeh
Okawaru
Qazlal
Ru
Sif Muna
Trog
Uskayaw
Vehumet
Wu Jian
Xom
Yredelemnul
Zin
The Shining One
Beogh

Shops:
D:1 [   D:3 [   D:11 *   Orc:1 *   Orc:2 (([=*   Shoals:1 =   Shoals:2 *
Shoals:3 (   Snake:1 !(   Snake:4 =

Portals:
Hell: Depths:1
Pandemonium: Depths:1
Trove: D:15 (give 13 scrolls of teleportation)

Annotations:
D:3 2 transporters, rougesareth's ghost, amateur HOMo
D:6 3 runed translucent doors, Hubris850's ghost, novice TrBe; bearlyready's ghost, amateur MfFi; croobank's ghost, novice OpMo
D:13 3 runed translucent doors, exclusion: obsidian statue
D:14 3 runed translucent doors, demibob's ghost, journeyman DsAK
D:15 2 transporters, Jais Joink's ghost, adept FoFi
Shoals:2 1 runed translucent door
Depths:1 2 runed translucent doors, R007833r's ghost, adept DrFE


Innate Abilities, Weirdness & Mutations

You can spit globs of acid.
Your golden yellow scales are hard. (AC +10)
You cannot fit into any form of body armour.
You have acidic saliva.
You are cold-blooded and may be slowed by cold attacks.
You are resistant to acid. (rCorr)
You have a pair of small horns on your head.
Your mind is acute. (Int +2)


Message History

You block the elephant's attack. The elephant barely misses you.
The elephant misses you. You block the elephant's attack.
The spriggan berserker hits you with a +0 war axe!!
* * * LOW HITPOINT WARNING * * *
You block the elephant's attack. The elephant closely misses you.
You climb upwards.
The elephant is no longer berserk.
The elephant disappears in a puff of smoke!
The elephant is no longer berserk.
The elephant disappears in a puff of smoke!
Your battlesphere wavers and loses cohesion.
Level annotation: 2 runed translucent doors, R007833r's ghost, adept DrFE
There is a stone staircase leading down here.
You feel much better.
You block the spriggan berserker's attack.
You can't see any enemies this would affect, really read the scroll of fear?
Okay, then.
Okay, then.
Unknown command.
Unknown command.
You fade into invisibility!
The spriggan berserker barely misses you.
The spriggan berserker hits you with a +0 war axe!!
* * * LOW HITPOINT WARNING * * *
The spriggan berserker hits you with a +0 war axe!!
* * * LOW HITPOINT WARNING * * *
You feel much better.
The spriggan berserker hits you with a +0 war axe!
* * * LOW HITPOINT WARNING * * *
You feel much better.
The spriggan berserker hits you with a +0 war axe!!
* * * LOW HITPOINT WARNING * * *
The spriggan berserker hits you with a +0 war axe!
* * * LOW HITPOINT WARNING * * *
You feel much better. The spriggan berserker misses you.
Press: ? - help, Shift-Dir - straight line, f - spriggan berserker
Aim: a spriggan berserker, wielding a +0 war axe and wearing a +0 animal skin (moderately wounded, berserk, regenerating, strong-willed)
You spit a glob of acid.
The glob of acid misses the spriggan berserker.
The spriggan berserker hits you with a +0 war axe!!!
You die...

#.......#.#### #...
#.......'....######...
#.......#.##.##....<..
#.......#.##.##.###.#.
###.#.................
###.#.................
###...........####.##.#.
#......i................
#.#.#.#@#.#.#....#.##...
#.#.#.#.....#....#.##.#.
#.#.#.#..####.#....##.#.
#...#.#.......+....##.#.
#####.#######.#...######
#...................
###...####.##########
#.....# #...........
#.....# ######..!...


You could see a spriggan berserker (berserk, regenerating, strong-willed).

Vanquished Creatures
  Mara (Snake:3)
  A juggernaut (Depths:2)
  Nikola (Snake:3)
  Jorgrun (Orc:1)
  A walking crystal tome (Depths:1)
  Polyphemus (Shoals:3)
  Donald (Snake:3)
  4 krakens (Shoals:2)
  Gastronok (Lair:2)
  A tengu reaver (Depths:2)
  5 nagarajas
  A frost giant (Depths:1)
  2 fire giants (Depths:2)
  Louise (Shoals:1)
  Aizul (Snake:1)
  A reaper (IceCv)
  A very ugly thing (D:15)
  3 stone giants
  2 spark wasps (Depths:1)
  11 merfolk impalers
  2 ettins
  5 fire dragons
  9 merfolk javelineers
  3 ice dragons
  4 great orbs of eyes (Depths:1)
  Fannar (Lair:2)
  10 naga warriors
  The ghost of Atlas the Thaumaturge, a journeyman DjEE of Gozag (D:9)
  2 salamander tyrants (Snake:4)
  3 boulder beetles
  A spriggan air mage (Depths:2)
  A catoblepas (Shoals:3)
  10 hydras
  4 ogre magi
  An alligator snapping turtle (Shoals:4)
  3 merfolk avatars
  21 two-headed ogres
  6 anacondas
  8 centaur warriors
  3 deep troll shamans
  3 merfolk aquamancers
  An alligator (Shoals:4)
  7 death yaks
  3 orc high priests
  6 tengu warriors
  3 satyrs
  5 naga sharpshooters
  A spriggan berserker (Depths:1)
  Sonja (Orc:1)
  A hell knight (Depths:1)
  A sun demon (Depths:1)
  4 shock serpents
  5 salamander mystics (Snake:4)
  A skeletal warrior (D:10)
  An iron troll (Depths:1)
  9 deep trolls
  4 naga ritualists
  A glowing orange brain (D:15)
  19 sea snakes
  3 orc knights
  4 lindwurms
  16 harpies
  A wizard (D:15)
  An orc sorcerer (Orc:1)
  2 deep elf pyromancers (D:10)
  21 ugly things
  3 mana vipers (Snake:4)
  An oklob plant (Lair:5)
  14 manticores
  19 salamanders
  10 elephants
  6 cyclopes
  2 ice statues (IceCv)
  15 fauns
  A guardian serpent (shapeshifter) (D:15)
  19 merfolk sirens
  36 black mambas
  3 water nymphs
  7 guardian serpents
  Joseph (D:8)
  12 naga magi
  A torpor snail (Lair:5)
  7 centaur zombies
  An unseen horror (D:11)
  4 cane toads
  A kobold demonologist (D:12)
  4 rime drakes
  Psyche (D:9)
  An efreet (D:14)
  12 komodo dragons
  4 entropy weaver simulacra (IceCv)
  7 ice devils (IceCv)
  A freezing wraith (D:13)
  An anaconda simulacrum (IceCv)
  5 tengu conjurers
  3 meliai (D:14)
  11 trolls
  56 merfolk
  Grinder (D:3)
  4 polar bears
  5 hornets
  10 wind drakes
  12 slime creatures
  14 snapping turtles
  A dream sheep (Lair:6)
  19 blink frogs
  A shadow (D:9)
  2 dire elephant simulacra (IceCv)
  Eustachio (D:5)
  7 wyverns
  13 spriggans (Lair:6)
  8 water elementals
  A vampire (D:9)
  50 yaks
  16 humans (D:13)
  2 basilisks
  5 wraiths
  5 vampire mosquitoes
  A death yak simulacrum (IceCv)
  32 nagas
  2 steam dragons
  Edmund (D:4)
  2 wargs
  3 harpy simulacra (IceCv)
  3 acid dragons
  18 water moccasins
  A floating eye (Depths:2)
  3 ice beasts
  24 orc warriors
  3 necrophages
  24 ogres
  5 black bears (Lair:6)
  23 wolves
  25 centaurs
  5 boggarts (Lair:6)
  5 kobold brigands
  11 bullfrogs
  2 gnoll sergeants
  7 scorpions
  A two-headed ogre simulacrum (IceCv)
  11 killer bees
  9 wights
  5 electric eels
  4 howler monkeys
  2 jellies
  A gnoll shaman (D:5)
  18 orc priests
  A centaur skeleton (D:5)
  8 hounds
  2 bullfrog skeletons
  5 iguanas
  25 orc wizards
  2 troll simulacra (IceCv)
  A killer bee zombie (D:8)
  A hound skeleton (D:5)
  A howler monkey zombie (D:9)
  15 gnolls
  5 adders
  A shadow imp (D:6)
  A white imp (D:6)
  2 ufetubi (D:6)
  An adder skeleton (D:4)
  2 dart slugs
  76 orcs
  6 ball pythons
  4 bats
  12 endoplasms
  5 giant cockroaches
  2 goblins (D:1)
  3 hobgoblins
  5 jackals (D:3)
  6 quokkas
  3 frilled lizards (D:3)
  24 kobolds
  4 rats
  A bush (Lair:5)
  12 fulminant prisms
  12 tentacles (Shoals:2)
1208 creatures vanquished.

Vanquished Creatures (collateral kills)
  A killer bee (D:9)
  A centaur zombie (D:9)
  An orc (D:9)
3 creatures vanquished.

Vanquished Creatures (others)
  A naga sharpshooter (Snake:3)
  2 bushes (Lair:6)
  77 fulminant prisms
  85 fungi
  273 plants
  27 tentacles (Shoals:2)
  A withered plant (Gauntlet)
466 creatures vanquished.

Grand Total: 1677 creatures vanquished

Notes
Turn   | Place    | Note
-------+----------+-------------------------------------------
     0 | D:1      | oldriver the Draconian Conjurer began the quest for the
                  | Orb.
     0 | D:1      | Reached XP level 1. HP: 14/14 MP: 3/3
   411 | D:1      | Found Zawatuoc's Antique Armour Boutique.
   417 | D:1      | Reached XP level 2. HP: 20/20 MP: 1/5
  1217 | D:1      | Found a faded altar of an unknown god.
  1549 | D:2      | Reached skill level 3 in Spellcasting
  1678 | D:2      | Reached XP level 3. HP: 26/26 MP: 4/7
  2057 | D:2      | Found a white marble altar of Elyvilon.
  2645 | D:3      | Found a shimmering blue altar of Sif Muna.
  2773 | D:3      | Found a white marble altar of Elyvilon.
  2865 | D:3      | Reached XP level 4. HP: 33/33 MP: 5/9
  2926 | D:3      | Found an ornate altar of the Wu Jian Council.
  3008 | D:3      | Reached skill level 4 in Spellcasting
  3231 | D:3      | Found Heang's Antique Armour Boutique.
  3348 | D:3      | Found a transporter.
  3368 | D:3      | Noticed rougesareth's ghost (amateur HOMo)
  3396 | D:3      | Found a transporter.
  3486 | D:3      | Noticed Grinder
  3493 | D:3      | Learned a level 2 spell: Searing Ray
  3500 | D:3      | Killed Grinder
  3501 | D:3      | Reached skill level 6 in Spellcasting
  3501 | D:3      | Reached XP level 5. HP: 6/39 MP: 3/13
  3501 | D:3      | Reached XP level 6. HP: 7/46 MP: 3/15
  4275 | D:4      | Learned a level 4 spell: Iskenderun's Mystic Blast
  4280 | D:4      | Learned a level 4 spell: Fulminant Prism
  4284 | D:4      | Learned a level 3 spell: Dazzling Flash
  4336 | D:4      | Found a staircase to the Ecumenical Temple.
  4425 | Temple   | Entered the Ecumenical Temple
  4442 | Temple   | Became a worshipper of Vehumet
  4537 | D:4      | Your scales start taking on a golden yellow colour.
  4537 | D:4      | Reached XP level 7. HP: 24/51 MP: 10/17
  4537 | D:4      | Gained mutation: You are resistant to acid. (rCorr) [Yellow
                  | Draconian growth]
  4828 | D:4      | Noticed Edmund
  4842 | D:4      | Killed Edmund
  4843 | D:4      | Reached skill level 7 in Spellcasting
  5207 | D:4      | Found a hazy altar of Hepliaklqana.
  5210 | D:4      | Found a shimmering altar of Xom.
  5215 | D:4      | Found an opulent altar of Gozag.
  5491 | D:4      | Reached skill level 5 in Conjurations
  5633 | D:5      | Entered Level 5 of the Dungeon
  5633 | D:5      | Noticed Eustachio
  5642 | D:5      | Killed Eustachio
  5643 | D:5      | Reached skill level 8 in Spellcasting
  5643 | D:5      | Reached XP level 8. HP: 46/58 MP: 11/20
  5908 | D:5      | Reached * piety under Vehumet
  5908 | D:5      | Offered knowledge of Foxfire by Vehumet.
  5914 | D:5      | Reached skill level 1 in Hexes
  5914 | D:5      | Reached skill level 1 in Translocations
  6160 | D:5      | Reached skill level 1 in Fighting
  7202 | D:6      | Reached skill level 9 in Spellcasting
  7202 | D:6      | Reached XP level 9. HP: 64/64 MP: 16/22
  7325 | D:6      | Found a runed translucent gate.
  7326 | D:6      | Found a runed translucent gate.
  7327 | D:6      | Found a runed translucent gate.
  7327 | D:6      | Noticed Hubris850's ghost (novice TrBe)
  7327 | D:6      | Noticed croobank's ghost (novice OpMo)
  7328 | D:6      | Noticed bearlyready's ghost (amateur MfFi)
  7788 | D:6      | Found a stormy altar of Qazlal.
  8259 | D:6      | Offered knowledge of Freeze by Vehumet.
  9107 | D:7      | Reached ** piety under Vehumet
  9535 | D:8      | Noticed Joseph
  9552 | D:8      | Killed Joseph
  9553 | D:8      | Reached skill level 10 in Spellcasting
  9855 | D:8      | Found a glowing silver altar of Zin.
  9869 | D:8      | Reached XP level 10. HP: 71/72 MP: 18/24
  9998 | D:8      | Found an ancient bone altar of Kikubaaqudgha.
 10268 | D:8      | Noticed a two-headed ogre
 10496 | D:8      | Killed a two-headed ogre
 11296 | D:9      | Noticed Psyche
 11316 | D:9      | Gained mutation: Your mind is acute. (Int +2) [potion of
                  | mutation]
 11316 | D:9      | Gained mutation: You have a pair of small horns on your
                  | head. [potion of mutation]
 11321 | D:9      | HP: 3/74 [cloud of flame (6)]
 11335 | D:9      | Killed Psyche
 11352 | D:9      | Offered knowledge of Static Discharge by Vehumet.
 11413 | D:9      | Reached skill level 5 in Translocations
 11738 | D:9      | Found a shadowy altar of Dithmenos.
 11738 | D:9      | Found an iron altar of Okawaru.
 11789 | D:9      | Found a staircase to the Lair.
 12038 | D:9      | Found a transporter.
 12038 | D:9      | Noticed Atlas's ghost (journeyman DjEE)
 12044 | D:9      | Found a transporter.
 12053 | D:9      | Noticed a two-headed ogre
 12174 | D:10     | Entered Level 10 of the Dungeon
 12459 | D:10     | Reached *** piety under Vehumet
 12483 | D:10     | Noticed a purple ugly thing
 12658 | D:10     | Noticed a two-headed ogre
 12699 | Lair:1   | Entered Level 1 of the Lair of Beasts
 13041 | Lair:1   | Reached skill level 11 in Spellcasting
 13348 | Lair:1   | Reached XP level 11. HP: 70/81 MP: 21/26
 13615 | Lair:1   | Noticed a four-headed hydra
 13631 | Lair:1   | Killed a four-headed hydra
 14432 | Lair:2   | Identified the ring of Wihimpau {rPois Will+ Str+3 Slay-3}
 14487 | Lair:2   | Noticed a seven-headed hydra
 14519 | Lair:2   | Killed a seven-headed hydra
 14829 | Lair:2   | Noticed Gastronok
 14848 | Lair:2   | Killed Gastronok
 14849 | Lair:2   | Reached skill level 10 in Conjurations
 15040 | Lair:2   | Noticed Fannar
 15252 | D:9      | Killed a two-headed ogre
 15380 | D:10     | Killed a purple ugly thing
 15381 | D:10     | Reached skill level 5 in Hexes
 15489 | D:10     | Learned a level 5 spell: Yara's Violent Unravelling
 15671 | D:10     | Noticed a two-headed ogre
 15674 | D:10     | Noticed a deep elf pyromancer
 15680 | D:10     | Killed a two-headed ogre
 15685 | D:10     | Killed a deep elf pyromancer
 15697 | D:10     | Offered knowledge of Airstrike by Vehumet.
 15910 | D:10     | Noticed an orc knight
 16307 | D:10     | Reached skill level 12 in Spellcasting
 16518 | D:10     | Noticed a skeletal warrior
 16536 | D:10     | Killed a skeletal warrior
 16572 | D:10     | Reached skill level 1 in Evocations
 16685 | D:10     | Noticed a deep elf pyromancer
 16692 | D:10     | Killed a deep elf pyromancer
 16692 | D:10     | Reached **** piety under Vehumet
 16693 | D:10     | Reached XP level 12. HP: 89/89 MP: 15/28
 17116 | D:10     | Learned a level 4 spell: Airstrike
 17346 | Lair:2   | Killed Fannar
 17727 | Lair:3   | Offered knowledge of Inner Flame by Vehumet.
 17895 | Lair:3   | Noticed a boulder beetle
 18816 | Lair:3   | Found a staircase to the Shoals.
 19308 | Lair:4   | Found a frozen archway.
 19315 | Lair:4   | Noticed an ice dragon
 19543 | Lair:4   | Killed an ice dragon
 19544 | Lair:4   | Reached skill level 13 in Spellcasting
 19767 | IceCv    | Entered an ice cave
 21487 | IceCv    | Noticed a reaper
 21520 | IceCv    | Killed a reaper
 21521 | IceCv    | Reached XP level 13. HP: 61/96 MP: 5/30
 21635 | IceCv    | Got the Incunabulum of the Frostbite
 21808 | Lair:4   | Found a staircase to the Snake Pit.
 22123 | Lair:4   | Learned a level 7 spell: Orb of Destruction
 22559 | Lair:4   | Reached skill level 1 in Shields
 22851 | Lair:4   | Learned a level 5 spell: Fireball
 22971 | Lair:5   | Found a staircase to the Slime Pits.
 23361 | Lair:5   | Reached skill level 1 in Fire Magic
 23743 | Lair:5   | Reached skill level 14 in Spellcasting
 24016 | Lair:5   | Reached skill level 5 in Fighting
 25429 | Lair:6   | Entered Level 6 of the Lair of Beasts
 26548 | Lair:6   | Gained mutation: You have acidic saliva. [Yellow Draconian
                  | growth]
 26548 | Lair:6   | Reached XP level 14. HP: 108/108 MP: 18/32
 26563 | Lair:6   | Reached ***** piety under Vehumet
 26916 | Lair:6   | Offered knowledge of Spellforged Servitor by Vehumet.
 27765 | Lair:6   | Reached skill level 5 in Fire Magic
 27824 | Lair:6   | Reached skill level 15 in Spellcasting
 29226 | Lair:6   | Identified the ring of Faottacs {rElec rPois EV+4 Str+6}
 29882 | D:10     | Found the +3 hat of Pondering {ponderous, Will+ MP+10
                  | Int+5}
 30078 | D:10     | Identified the +4 hand crossbow "Hellblazer" {vorpal, rF+
                  | Str+5 Stlth+}
 30932 | D:11     | Found a stormy altar of Qazlal.
 31114 | D:9      | Killed Atlas's ghost
 31327 | D:11     | Got the Compendium of Floating Earth
 31334 | D:11     | Learned a level 5 spell: Iskenderun's Battlesphere
 31859 | D:11     | Offered knowledge of Sticky Flame by Vehumet.
 31967 | D:11     | Found a staircase to the Orcish Mines.
 32422 | D:11     | Found Ilanemp's Assorted Antiques.
 32739 | D:12     | Found a gate leading to a gauntlet.
 32748 | Gauntlet | Entered a Gauntlet
 32748 | Gauntlet | Found a transporter.
 32748 | Gauntlet | Found a transporter.
 32758 | Gauntlet | Found a transporter.
 32774 | Gauntlet | Found a transporter.
 32783 | Gauntlet | Found a transporter.
 32793 | Gauntlet | Found a transporter.
 32808 | Gauntlet | Found a transporter.
 32814 | Gauntlet | Found a transporter.
 32828 | Gauntlet | Found a transporter.
 32828 | Gauntlet | Noticed a reaper
 32845 | Gauntlet | Found a transporter.
 32849 | Gauntlet | Found a transporter.
 32849 | Gauntlet | Found the +6 shillelagh "Devastator" {shatter}
 32888 | Gauntlet | Found a transporter.
 33761 | Orc:1    | Entered Level 1 of the Orcish Mines
 33781 | Orc:1    | Noticed Sonja
 33783 | Orc:1    | Noticed Jorgrun
 33926 | Orc:1    | Killed Sonja
 34078 | Orc:1    | Killed Jorgrun
 34079 | Orc:1    | Reached skill level 16 in Spellcasting
 34079 | Orc:1    | Reached XP level 15. HP: 118/118 MP: 8/35
 34126 | Orc:1    | Found a flagged portal.
 34133 | Orc:1    | Identified the +4 halberd of Doubt {vorpal, rPois Str+6
                  | Int-2}
 34139 | Bailey   | Entered a bailey
 34762 | Orc:1    | Found Estraastuc's Assorted Antiques.
 34774 | Orc:1    | Bought a runed fluorescent amulet for 125 gold pieces
 34774 | Orc:1    | Bought an embroidered cloak for 187 gold pieces
 35185 | Orc:2    | Entered Level 2 of the Orcish Mines
 35315 | Orc:2    | Found Japniasel's Weapon Emporium.
 35323 | Orc:2    | Offered knowledge of Iron Shot by Vehumet.
 35652 | Orc:2    | Reached skill level 15 in Conjurations
 35897 | Orc:2    | Found a staircase to the Elven Halls.
 35988 | Orc:2    | Found Suotwagho's Weapon Shoppe.
 35989 | Orc:2    | Found Caloette's Armour Shoppe.
 36017 | Orc:2    | Found Kahofif's Jewellery Shop.
 36028 | Orc:2    | Found Iqibad's General Store.
 36470 | Snake:1  | Entered Level 1 of the Snake Pit
 36503 | Snake:1  | Found Kezxusoc's Weapon Boutique.
 36656 | Snake:1  | Noticed Aizul
 36662 | Snake:1  | Killed Aizul
 37541 | Snake:1  | Found Tuojun's Distillery.
 37569 | Snake:1  | Bought a potion of heal wounds for 75 gold pieces
 38112 | Snake:2  | Offered knowledge of Starburst by Vehumet.
 38859 | Snake:2  | Identified the +1 pair of gloves of Coig {rF+ Int+6}
 39108 | Snake:3  | Noticed Nikola
 39118 | Snake:3  | Noticed a nagaraja
 39253 | Snake:3  | Killed a nagaraja
 39254 | Snake:3  | Reached skill level 17 in Spellcasting
 39397 | Snake:3  | Killed Nikola
 40211 | Snake:3  | Noticed Mara
 40215 | Snake:3  | Killed Mara
 40216 | Snake:3  | Reached XP level 16. HP: 112/129 MP: 19/37
 40914 | Snake:3  | Noticed Donald
 40918 | Snake:3  | Killed Donald
 41482 | Snake:4  | Entered Level 4 of the Snake Pit
 41589 | Snake:4  | Reached skill level 5 in Dodging
 41950 | Snake:4  | Found Xidugg's Jewellery Shoppe.
 42151 | Snake:4  | Bought the ring of Ehegit {rC+ MP+9 Dex+6 Stlth+} for 1507
                  | gold pieces
 42767 | Snake:4  | Reached skill level 18 in Spellcasting
 43041 | Snake:4  | Offered knowledge of Eringya's Noxious Bog by Vehumet.
 43474 | Snake:4  | Identified 3 scrolls of acquirement
 43474 | Snake:4  | Acquired 569 gold pieces
 43476 | Snake:4  | Acquired the amulet of Twilight {Regen+ Dex+2}
 43505 | Snake:4  | Acquired a +1 hat of stealth
 43618 | Snake:4  | Got a serpentine rune of Zot
 44397 | D:13     | Found a gate to the Vaults.
 44408 | D:13     | Reached XP level 17. HP: 97/137 MP: 37/39
 44771 | D:13     | Found a runed translucent door.
 44908 | D:13     | Found a runed translucent door.
 44942 | D:13     | Found a runed translucent door.
 44954 | D:13     | Found a runed translucent door.
 46074 | D:14     | Found a runed translucent gate.
 46074 | D:14     | Found a runed translucent gate.
 46074 | D:14     | Found a runed translucent gate.
 46075 | D:14     | Noticed demibob's ghost (journeyman DsAK)
 46509 | D:15     | Entered Level 15 of the Dungeon
 46701 | D:15     | Reached skill level 19 in Spellcasting
 46896 | D:15     | Found a transporter.
 46938 | D:15     | Noticed Jais Joink's ghost (adept FoFi)
 47041 | D:15     | Found a transporter.
 47141 | D:15     | Found a portal to a secret trove of treasure.
 47523 | D:15     | Found a staircase to the Depths.
 47667 | D:15     | Found an ornate altar of the Wu Jian Council.
 48098 | Shoals:1 | Entered Level 1 of the Shoals
 48312 | Shoals:1 | Offered knowledge of Lightning Bolt by Vehumet.
 48320 | Shoals:1 | Reached skill level 10 in Fighting
 48729 | Shoals:1 | Found Sareshrou's Jewellery Emporium.
 48738 | Shoals:1 | Bought the ring of Qema {Wiz rElec Int+2} for 626 gold
                  | pieces
 49068 | Shoals:1 | Noticed Louise
 49112 | Shoals:1 | Killed Louise
 49240 | Shoals:1 | You fall into a shaft and drop 1 floor!
 49263 | Shoals:2 | Noticed a kraken
 49263 | Shoals:2 | Noticed a kraken
 49278 | Shoals:2 | Noticed a kraken
 49281 | Shoals:2 | Killed a kraken
 49625 | Shoals:2 | Noticed a kraken
 49635 | Shoals:2 | Killed a kraken
 49636 | Shoals:2 | Killed a kraken
 49637 | Shoals:2 | Reached XP level 18. HP: 140/149 MP: 18/41
 49847 | Shoals:2 | Offered knowledge of Ozocubu's Refrigeration by Vehumet.
 50164 | Shoals:3 | Reached skill level 20 in Spellcasting
 50387 | Shoals:3 | Noticed Polyphemus
 50419 | Shoals:2 | Found a runed translucent door.
 50592 | Shoals:3 | Killed Polyphemus
 50836 | Shoals:3 | Found Guon's Antique Weapon Shop.
 51013 | Shoals:4 | Entered Level 4 of the Shoals
 51384 | Shoals:4 | Reached ****** piety under Vehumet
 51386 | Shoals:4 | Offered knowledge of Fire Storm by Vehumet.
 51386 | Shoals:4 | Offered knowledge of Shatter by Vehumet.
 51386 | Shoals:4 | Offered knowledge of Polar Vortex by Vehumet.
 51400 | Shoals:4 | Learned a level 9 spell: Fire Storm
 52059 | Shoals:4 | Got a barnacled rune of Zot
 52956 | Shoals:2 | Found Ezoyf's Island Escapes.
 52976 | Shoals:2 | Bought a scroll of teleportation for 54 gold pieces
 53215 | Depths:1 | Entered Level 1 of the Depths
 53669 | Depths:1 | Reached XP level 19. HP: 158/158 MP: 38/43
 53903 | Depths:1 | Found a gateway to Hell.
 54129 | Depths:1 | Found a one-way gate leading to the halls of Pandemonium.
 54696 | Depths:1 | Found a large runed translucent door.
 54697 | Depths:1 | Found a large runed translucent door.
 54699 | Depths:1 | Noticed R007833r's ghost (adept DrFE)
 54762 | Depths:2 | Reached skill level 21 in Spellcasting
 54949 | Depths:2 | Found a basalt altar of Yredelemnul.
 54981 | Depths:2 | Noticed a juggernaut
 54986 | Depths:2 | Killed a juggernaut
 55193 | Depths:1 | HP: 4/158 [spriggan berserker (27)]
 55197 | Depths:1 | Slain by a spriggan berserker

Illustrated notes

Levels and vault maps discovered:
D:1:      scummos_arrival_hexagon, layout_basic, serial_shops, shop,
          ebering_ecumenical_altar_ruins
D:2:      layout_basic, basic_altar
D:3:      layout_basic, mainiacjoe_overflow_concentric_impassable,
          mainiacjoe_overflow_catwalk_spiral, gammafunk_ghost_gnarly_gnolls,
          serial_shops, nicolae_shop_hallway_stairs, uniq_grinder
D:4:      layout_cave_pods, grunt_temple_overflow_diamond,
          minmay_temple_entry_waves, minmay_a_box_with_orc_wizards_in_it,
          uniq_edmund
D:5:      layout_loops_ring, minmay_increasing_density, uniq_eustachio
D:6:      layout_loops_corners, amcnicky_altar_gilded, gammafunk_ghost_cemetery,
          minmay_misc_feat_ornament, minmay_fractal_squares_gapless_5
D:7:      layout_basic
D:8:      layout_basic, kennysheep_little_box,
          mainiacjoe_overflow_small_starburst, uniq_joseph
D:9:      layout_cave_pools, gammafunk_temple_overflow_pools, lair_entry_dummy,
          gammafunk_ghost_arena, uniq_psyche
D:10:     minmay_the_grid_octo_tiled_octocenter
          [minmay_the_grid_octo_vomiting_pacman, minmay_the_grid_octo_teeth,
          minmay_the_grid_octo_tetromino_candy,
          minmay_the_grid_octo_thin_diamonds,
          minmay_the_grid_octo_prize_ultimate_mussel_roller,
          minmay_the_grid_square_5x5_percent,
          minmay_the_grid_square_5x5_intrusive_squares,
          minmay_the_grid_square_5x5_misaligned,
          minmay_the_grid_square_5x5_dogpile], layout_layer_cave
D:11:     layout_loops_ring, hiddenorc2_lemuel, serial_shops,
          nicolae_shop_window_shopping, minmay_misc_feat_rugged,
          grunt_qazlal_clouds
D:12:     layout_basic, gauntlet_entry_generic, serial_glass, glass_columns_c,
          glass_columns_a
D:13:     layout_rooms, david_vaults_3, nicolae_concentric_dashed_squares_wild,
          minmay_statue_crystal_thing
D:14:     layout_stronghold, gammafunk_ghost_spectres,
          nicolae_cairo_tiling_large
D:15:     gammafunk_enter_depths_forms, layout_rooms, gammafunk_ghost_mausoleum,
          nicolae_wu_jian_immortal_techniques, enter_trove_6,
          minmay_misc_feat_doors
Temple:   minmay_freezing_vapour_temple
Lair:1:   layout_regular_city, nicolae_quartered_pool_little,
          serial_bayou_lagoon_b
Lair:2:   layout_roguey, grunt_megastairs_3, serial_bayou_shore_b,
          uniq_gastronok, uniq_fannar
Lair:3:   layout_misc_corridors, minmay_shoals_entry_centaurs,
          grunt_megastairs_2
Lair:4:   layout_concentric_octagons, minmay_snake_entry_guardpost_small,
          portal_ice_cave_entry_animals_and_master
Lair:5:   layout_loops_ring, minmay_slime_entry_oklob_open, serial_bayou,
          serial_bayou_pond_b, serial_bayou_shore_b, serial_bayou_pond_d,
          serial_bayou_lake_a, serial_bayou_pond_a, minivault_11,
          serial_bayou_lagoon_a
Lair:6:   minmay_lair_end_enchanted_forest, layout_loops_ring,
          wad_woods_road_06, serial_bayou_shore_a
Shoals:1: layout_shoals, serial_shops, shop, uniq_louise
Shoals:2: nicolae_shoals_lighthouse, layout_shoals, nicolae_island_escapes
Shoals:3: cheibrodos_shoals_baths, layout_shoals, serial_shops,
          nicolae_shop_statue_plus, lightli_airlock, uniq_polyphemus
Shoals:4: shoals_end_simple, layout_shoals, nicolae_shoals_goliath_grotto
Snake:1:  layout_gridlike, serial_shops, nicolae_shop_statue_plus,
          minmay_shop_star, uniq_aizul
Snake:2:  layout_misc_corridors, nicolae_snake_yet_another_twisty_hallway
Snake:3:  layout_layer_cave, lemuel_fruit_tree, uniq_donald, uniq_mara,
          uniq_nikola
Snake:4:  snake_pit_salamanders_mu, layout_cave_town, serial_bayou_pond_d,
          minmay_shop_enchanted_jewellery
Orc:1:    layout_caves, enter_bailey_2, serial_shops,
          nicolae_shop_window_shopping, bh_open_orc_temple, uniq_sonja,
          uniq_jorgrun
Orc:2:    st_orc_open, layout_diamond_mine, serial_shops, nicolae_square_shop
Depths:1: layout_basic, grunt_pan_entry_zigzag, pf_vacation_house_of_asmodeus,
          ebering_ghost_disaster_area, dispersion_dpeg
Depths:2: kennysheep_four_of_diamonds, layout_cross, basic_altar, hellmouth_1,
          rand_demon_pan_entry_1, grunt_ministairs_9, lightli_minifort

Skill      XL: |  1  2  3  4  5  6  7  8  9 10 11 12 13 14 15 16 17 18 19 |
---------------+----------------------------------------------------------+-----
Spellcasting   | 3 6 8 9 10 11 12 13 14 16 17 18 19 20 21 | 21.1
Conjurations   | 5 6 8 9 11 12 13 14 16 17 19 20 | 20.5
Hexes          | 2 3 4 5 |  5.7
Translocations | 2 3 5 6 7 8 |  8.0
Stealth        | 2 3 4 |  4.4
Dodging        | 2 3 4 5 |  5.3
Fighting       | 1 2 3 4 5 7 8 9 10 11 | 11.4
Evocations     | 1 2 |  2.3
Shields        | 3 4 |  4.0
Fire Magic     | 4 6 7 8 9 |  9.3
Polearms       | |  0.3
Staves         | |  0.3
Air Magic      | |  0.8

Action                   |  1- 3 |  4- 6 |  7- 9 | 10-12 | 13-15 | 16-18 | 19-21 || total
-------------------------+-------+-------+-------+-------+-------+-------+-------++-------
Melee: Unarmed           |    26 |       |       |       |       |       |       ||    26
       Tailslap          |     3 |       |     2 |       |     1 |       |       ||     6
       Spear             |       |     8 |    33 |    12 |       |       |       ||    53
       Staff             |       |       |       |    10 |     7 |     1 |       ||    18
       Headbutt          |       |       |       |       |     3 |       |       ||     3
       Bite              |       |       |       |       |     1 |       |       ||     1
 Cast: Magic Dart        |    89 |    66 |   136 |   263 |   424 |   556 |    32 ||  1566
       Searing Ray       |       |     2 |    66 |   136 |    26 |     5 |       ||   235
       Iskenderun's Myst |       |       |     2 |   111 |   115 |   156 |    14 ||   398
       Dazzling Flash    |       |       |     1 |     2 |       |     1 |       ||     4
       Fulminant Prism   |       |       |       |    74 |    12 |     4 |       ||    90
       Fireball          |       |       |       |       |   308 |   235 |    24 ||   567
       Airstrike         |       |       |       |       |     3 |     1 |       ||     4
       Iskenderun's Batt |       |       |       |       |    82 |   135 |    16 ||   233
       Orb of Destructio |       |       |       |       |     7 |     4 |    25 ||    36
       Yara's Violent Un |       |       |       |       |     1 |       |       ||     1
 Abil: Breathe Acid      |       |       |     2 |       |     3 |       |     1 ||     6
  Use: Potion            |       |       |     1 |    14 |     1 |     1 |     5 ||    22
       Scroll            |       |       |       |    19 |     9 |     9 |       ||    37
 Stab: Sleeping          |       |       |     1 |       |       |       |       ||     1
Armor: Skin              |     9 |    10 |    51 |   123 |    53 |    50 |     7 ||   303
Dodge: Dodged            |    26 |    11 |    86 |   160 |    94 |   115 |    20 ||   512
Block: Buckler           |       |       |       |       |    23 |    37 |     9 ||    69

Table legend: (Time is in decaauts)
 A = Elapsed time spent in this place.
 B = Non-inter-level travel time spent in this place.
 C = Inter-level travel time spent in this place.
 D = Time resting spent in this place.
 E = Time spent auto-exploring this place.
 F = Levels seen in this place.
 G = Mean time per level.
                   A        B        C        D        E       F      G
               +--------+--------+--------+--------+--------+-----+--------+
         Total |  55598 |  53119 |   2479 |  14731 |  30045 |  37 | 1502.6 |
       Dungeon |  23003 |  21729 |   1274 |   4526 |  14385 |  15 | 1533.5 |
        Temple |     22 |     22 |      0 |      0 |     11 |   1 |   22.0 |
          Lair |  13571 |  12839 |    732 |   5844 |   5148 |   6 | 2261.8 |
        Shoals |   5185 |   5044 |    141 |    563 |   3175 |   4 | 1296.2 |
     Snake Pit |   7501 |   7251 |    250 |   1580 |   4595 |   4 | 1875.2 |
  Orcish Mines |   2293 |   2239 |     54 |    621 |   1176 |   2 | 1146.5 |
        Depths |   1843 |   1817 |     26 |    386 |   1082 |   2 |  921.5 |
        Bailey |     32 |     32 |      0 |      0 |      0 |   1 |   32.0 |
      Ice Cave |   1942 |   1942 |      0 |   1210 |    332 |   1 | 1942.0 |
      Gauntlet |    203 |    203 |      0 |      0 |    140 |   1 |  203.0 |
               +--------+--------+--------+--------+--------+-----+--------+

Top non-repeatable levels by time:
    D:10: 3111 daAuts
  Lair:6: 3021 daAuts
  Lair:5: 2850 daAuts
 Snake:4: 2589 daAuts
  Lair:2: 2387 daAuts
  Lair:4: 2331 daAuts
 Snake:3: 2199 daAuts
     D:9: 2034 daAuts
   IceCv: 1942 daAuts
    D:11: 1820 daAuts
Shoals:2: 1710 daAuts
  Lair:1: 1701 daAuts
     D:4: 1696 daAuts
     D:8: 1614 daAuts
    D:15: 1581 daAuts
